Workbook

Sheet BDC
E2: NOM DU CLIENT :
E3: ADRESSE DE FACTURATION :
E4: CODE POSTAL :
E5: VILLE :
E6: TELEPHONE :
E7: NOM DU RESPONSABLE :
E8: EMAIL :
E9: SIRET :
D10: Date :
C11: Votre Commerciale : | E11: Shalini LEDOUX - 06 09 38 93 76 shalini@kerali.fr
D12: LIGNE REVENTE
C14: REF | D14: QUANTITE | E14: PRODUITS | F14: CONTENANCE | G14: PRIX A L'UNITE HT | H14: TOTAL HT | I14: PRIX PUBLIC TTC | J14: Tarif web 2026
E15: REVENTE VISAGE | G15: Px achat HT | I15: Px Public institut
C16: HV001 | E16: LAIT ACTI PURIFIANT * | F16: 150 ML | G16: 17.23 | H16: =Tableau1111929166641546627480[[#This Row],[PRIX A L''UNITE HT]]*Tableau1111929166641546627480[[#This Row],[QUANTITE]] -> 0 | I16: 34.5 | J16: 37
C17: HV003 | E17: INDIAN SACRÉ* | F17: 100 ML | G17: 13.96 | H17: =Tableau1111929166641546627480[[#This Row],[PRIX A L''UNITE HT]]*Tableau1111929166641546627480[[#This Row],[QUANTITE]] -> 0 | I17: 28 | J17: 29
C18: SV001 | E18: CREME PHYSIO PLANTES * | F18: 50 ML | G18: 29.11 | H18: =Tableau1111929166641546627480[[#This Row],[PRIX A L''UNITE HT]]*Tableau1111929166641546627480[[#This Row],[QUANTITE]] -> 0 | I18: 58 | J18: 64
C19: SV101 | E19: MINI CREME PHYSIO-PLANTES* | F19: 15 ML | G19: 14.9 | H19: =Tableau1111929166641546627480[[#This Row],[PRIX A L''UNITE HT]]*Tableau1111929166641546627480[[#This Row],[QUANTITE]] -> 0 | I19: =Tableau1111929166641546627480[[#This Row],[PRIX A L''UNITE HT]]*2 -> 29.8 | J19: 32
C20: SV002 | E20: CREME HYDRA PLANTES | F20: 50 ML | G20: 29.11 | H20: =Tableau1111929166641546627480[[#This Row],[PRIX A L''UNITE HT]]*Tableau1111929166641546627480[[#This Row],[QUANTITE]] -> 0 | I20: 58 | J20: 64
C21: SV102 | E21: MINI CREME HYDRA-PLANTES* | F21: 15 ML | G21: 14.9 | H21: =Tableau1111929166641546627480[[#This Row],[PRIX A L''UNITE HT]]*Tableau1111929166641546627480[[#This Row],[QUANTITE]] -> 0 | I21: =Tableau1111929166641546627480[[#This Row],[PRIX A L''UNITE HT]]*2 -> 29.8 | J21: 32
C22: SV003 | E22: SERUM REPULPANT * | F22: 15 ML | G22: 25.25 | H22: =Tableau1111929166641546627480[[#This Row],[PRIX A L''UNITE HT]]*Tableau1111929166641546627480[[#This Row],[QUANTITE]] -> 0 | I22: 50 | J22: 56
C23: SV010 | E23: SEVE AYURVEDIQUE * | F23: 30 ML | G23: 21.98 | H23: =Tableau1111929166641546627480[[#This Row],[PRIX A L''UNITE HT]]*Tableau1111929166641546627480[[#This Row],[QUANTITE]] -> 0 | I23: 44 | J23: 52
C24: SV030 | E24: MASQUE ROSES POUDREES - px normales à sèches | F24: 60G | G24: 11.23 | H24: =Tableau1111929166641546627480[[#This Row],[PRIX A L''UNITE HT]]*Tableau1111929166641546627480[[#This Row],[QUANTITE]] -> 0 | I24: 22.5 | J24: 25
C25: SV020 | E25: MASQUE TULSI SACRÉ - Px normales à mixtes | F25: 60G | G25: 12.47 | H25: =Tableau1111929166641546627480[[#This Row],[PRIX A L''UNITE HT]]*Tableau1111929166641546627480[[#This Row],[QUANTITE]] -> 0 | I25: 18.9 | J25: 25
C26: SV040 | E26: MASQUE CREME BRAHMINDIA - Px sensibles et sèches | F26: 50ml | G26: 13.07 | H26: =Tableau1111929166641546627480[[#This Row],[PRIX A L''UNITE HT]]*Tableau1111929166641546627480[[#This Row],[QUANTITE]] -> 0 | I26: 26 | J26: 27
C27: CV050 | E27: COFFRET RITUEL NAMASTE 3 SOINS HYDRA - Visage | F27: 1 Acti-Purifiant15 ml + 1 Indian Sacré 30 ml + 1 Hydra-Plantes15ml | G27: 23.17 | H27: =Tableau1111929166641546627480[[#This Row],[PRIX A L''UNITE HT]]*Tableau1111929166641546627480[[#This Row],[QUANTITE]] -> 0 | I27: 46 | J27: 54
C28: CV051 | E28: COFFRET RITUEL NAMASKAR 3 SOINS PHYSIO - Visage | F28: 1 Acti-Purifiant15 ml+1 Indian Sacré 30 ml+1 Physio-Plantes 15ml | G28: 23.17 | H28: =Tableau1111929166641546627480[[#This Row],[PRIX A L''UNITE HT]]*Tableau1111929166641546627480[[#This Row],[QUANTITE]] -> 0 | I28: 46 | J28: 54
C29: CV052 | E29: Miniature Lotion spray INDIAN SACRE | F29: 30ml | G29: 6.5 | H29: =Tableau1111929166641546627480[[#This Row],[PRIX A L''UNITE HT]]*Tableau1111929166641546627480[[#This Row],[QUANTITE]] -> 0 | I29: =Tableau1111929166641546627480[[#This Row],[PRIX A L''UNITE HT]]*2 -> 13 | J29: =Tableau1111929166641546627480[[#This Row],[PRIX PUBLIC TTC]]*20/100+Tableau1111929166641546627480[[#This Row],[PRIX PUBLIC TTC]] -> 15.6
C30: SV050 | E30: KUNKUMADHI OLEO-SERUM | F30: 5ml | G30: 15.39 | H30: =Tableau1111929166641546627480[[#This Row],[PRIX A L''UNITE HT]]*Tableau1111929166641546627480[[#This Row],[QUANTITE]] -> 0 | I30: 31 | J30: 35
C31: SV070 | E31: ELIXIR PIERRE - bâton de massage et roll-on / Quartz Rose / Vata | G31: 48.5 | H31: =Tableau1111929166641546627480[[#This Row],[PRIX A L''UNITE HT]]*Tableau1111929166641546627480[[#This Row],[QUANTITE]] -> 0 | I31: =Tableau1111929166641546627480[[#This Row],[PRIX A L''UNITE HT]]*2 -> 97 | J31: 110
C32: SV071 | E32: ELIXIR PIERRE - bâton de massage et roll-on / Fluorite verte / Pitta | G32: 48.5 | H32: =Tableau1111929166641546627480[[#This Row],[PRIX A L''UNITE HT]]*Tableau1111929166641546627480[[#This Row],[QUANTITE]] -> 0 | I32: =Tableau1111929166641546627480[[#This Row],[PRIX A L''UNITE HT]]*2 -> 97 | J32: 110
C33: SV071 | E33: ELIXIR PIERRE - bâton de massage et roll-on / Quartz Blanc / Kapha | G33: 48.5 | H33: =Tableau1111929166641546627480[[#This Row],[PRIX A L''UNITE HT]]*Tableau1111929166641546627480[[#This Row],[QUANTITE]] -> 0 | I33: 97 | J33: 110
C34: SV072 | E34: COFFRET VISAGE HOLI'ROSES - IS, HP, CONCRÈTE, GUA SHA | G34: 52.5 | H34: =Tableau1111929166641546627480[[#This Row],[PRIX A L''UNITE HT]]*Tableau1111929166641546627480[[#This Row],[QUANTITE]] -> 0 | I34: 106 | J34: 110
E35: REVENTE CORPS
C36: SC002 | E36: SOIN COCOONING MAINS * | F36: 15 ML | G36: 7.2 | H36: =Tableau1111929166641546627480[[#This Row],[PRIX A L''UNITE HT]]*Tableau1111929166641546627480[[#This Row],[QUANTITE]] -> 0 | I36: 14.5 | J36: 16
C37: SC001 | E37: SOIN COCOONING CORPS * | F37: 150 ML | G37: 26.73 | H37: =Tableau1111929166641546627480[[#This Row],[PRIX A L''UNITE HT]]*Tableau1111929166641546627480[[#This Row],[QUANTITE]] -> 0 | I37: 53.5 | J37: 59
C38: SV011 | E38: HUILE TRIKAYA Corps & Cheveux - Toute peaux / Tridoshas * | F38: 150 ML | G38: 15.44 | H38: =Tableau1111929166641546627480[[#This Row],[PRIX A L''UNITE HT]]*Tableau1111929166641546627480[[#This Row],[QUANTITE]] -> 0 | I38: 31 | J38: 37
C39: SC012 | E39: HUILE PIYALI Corps & Cheveux - Peaux sensibles / Pitta | F39: 150 ML | G39: 17.23 | H39: =Tableau1111929166641546627480[[#This Row],[PRIX A L''UNITE HT]]*Tableau1111929166641546627480[[#This Row],[QUANTITE]] -> 0 | I39: 34.5 | J39: 37
C40: HA001 | E40: SPRAY HASTA AYURVEDA mains | F40: 100 ML | G40: 7.72 | H40: =Tableau1111929166641546627480[[#This Row],[PRIX A L''UNITE HT]]*Tableau1111929166641546627480[[#This Row],[QUANTITE]] -> 0 | I40: 15.5 | J40: 21.9
C41: HA002 | E41: MINI-SPRAY HASTA-AYURVEDA mains | F41: 30 ML | G41: 4.1 | H41: =Tableau1111929166641546627480[[#This Row],[PRIX A L''UNITE HT]]*Tableau1111929166641546627480[[#This Row],[QUANTITE]] -> 0 | I41: 8 | J41: 10.9
C42: HA002 | E42: KIT DETOX AYURVEDIQUE CUIVRE (Gobelet, cure-langue, notice, pochette) | F42: 3 pieces | G42: 16.74 | H42: =Tableau1111929166641546627480[[#This Row],[PRIX A L''UNITE HT]]*Tableau1111929166641546627480[[#This Row],[QUANTITE]] -> 0 | I42: 33.5 | J42: 37
C43: SC016 | D43: 0 | E43: GANT DE SOIE BRUTE " GARSHANA" pour gommage a sec | F43: 1 unité | G43: 12.5 | H43: =D43*G43 -> 0 | I43: =G43*2 -> 25 | J43: 29
C44: SC023 | D44: 0 | E44: SAVON AYURVEDIQUE - Tulsi-Patchouli - 100gr | F44: 1 unité | G44: 6.9 | H44: =D44*G44 -> 0 | I44: =G44*2 -> 13.8 | J44: 29
D45: =SUM(D16:D44) -> 0 | F45: SOUS-TOTAL REVENTE : | H45: =SUM(H16:H44) -> 0
D49: LIGNE CABINE
C51: REF | D51: QUANTITE | E51: PRODUITS | F51: CONTENANCE | G51: PRIX A L'UNITÉ | H51: TOTAL HT
E52: CABINE VISAGE
C53: AV010 | E53: LAIT ACTI PURIFIANT | F53: 500 ML | G53: =L53+M53 -> 43.937 | H53: =BDC!$G53*BDC!$D53 -> 0 | L53: 41.45 | M53: =L53*6/100 -> 2.487
C54: HV020 | E54: INDIAN SACRÉ | F54: 300 ML vapo360° | G54: =L54+M54 -> 28.5776 | H54: =BDC!$G54*BDC!$D54 -> 0 | L54: 26.96 | M54: =L54*6/100 -> 1.6176
C55: HV021 | E55: RECHARGE INDIAN SACRÉ | F55: 300 ML | G55: 24.58
C56: AVO120 | E56: CREME PHYSIO PLANTES * | F56: 50 ML | G56: =L56+M56 -> 26.4046 | H56: =BDC!$G56*BDC!$D56 -> 0 | L56: 24.91 | M56: =L56*6/100 -> 1.4946
C57: AVO121 | E57: CREME HYDRA PLANTES * | F57: 50 ML | G57: =L57+M57 -> 26.4046 | H57: =BDC!$G57*BDC!$D57 -> 0 | L57: 24.91 | M57: =L57*6/100 -> 1.4946
C58: AV030 | E58: SERUM REPULPANT | F58: 30 ML | G58: =L58+M58 -> 38.5628 | H58: =BDC!$G58*BDC!$D58 -> 0 | L58: 36.38 | M58: =L58*6/100 -> 2.1828
C59: AVH10 | E59: SEVE AYURVEDIQUE | F59: 100 ML | G59: =L59+M59 -> 41.9654 | H59: =BDC!$G59*BDC!$D59 -> 0 | L59: 39.59 | M59: =L59*6/100 -> 2.3754
C60: AVF11 | E60: GOMMAGE RACINES | F60: 150 GR | G60: =L60+M60 -> 28.3126 | H60: =BDC!$G60*BDC!$D60 -> 0 | L60: 26.71 | M60: =L60*6/100 -> 1.6026
C61: AVF101 | E61: MASQUE ROSES POUDRÉES | F61: 250 GR | G61: =L61+M61 -> 23.002 | H61: =BDC!$G61*BDC!$D61 -> 0 | L61: 21.7 | M61: =L61*6/100 -> 1.302
C62: AVF102 | E62: MASQUE TULSI POUDRÉ | F62: 250 GR | G62: =L62+M62 -> 26.5424 | H62: =BDC!$G62*BDC!$D62 -> 0 | L62: 25.04 | M62: =L62*6/100 -> 1.5024
C63: AVF112 | E63: MASQUE CREME BRAHMINDIA | F63: 150ML | G63: =L63+M63 -> 23.002 | H63: =BDC!$G63*BDC!$D63 -> 0 | L63: 21.7 | M63: =L63*6/100 -> 1.302
C64: AVH90 | E64: OLEO SERUM KUNKUMADHI | F64: 20ML | G64: =L64+M64 -> 56.5828 | H64: =BDC!$G64*BDC!$D64 -> 0 | L64: 53.38 | M64: =L64*6/100 -> 3.2028
C65: AVH95 | E65: KIT 15 POCHONS VISAGE | G65: =L65+M65 -> 114.6178 | H65: =BDC!$G65*BDC!$D65 -> 0 | L65: 108.13 | M65: =L65*6/100 -> 6.4878
C66: AVH115 | E66: KANSA WAND | G66: =L66+M66 -> 51.039 | H66: =BDC!$G66*BDC!$D66 -> 0 | L66: 48.15 | M66: =L66*6/100 -> 2.889
C67: AVH116 | E67: GUA SHA KANSA | G67: =L67+M67 -> 42.4 | H67: =Tableau21220310176651547637581[[#This Row],[PRIX A L''UNITÉ]]*Tableau21220310176651547637581[[#This Row],[QUANTITE]] -> 0 | L67: 40 | M67: =L67*6/100 -> 2.4
C68: SV015 | E68: GANTS VISAGE COTON BIO | G68: =L68+M68 -> 2.067 | H68: =BDC!$G68*BDC!$D68 -> 0 | L68: 1.95 | M68: =L68*6/100 -> 0.117
E69: CABINE CORPS CORPS
C70: AC001 | E70: SOIN COCOONING CORPS | F70: 500 ML | G70: =L70+M70 -> 68.1898 | H70: =BDC!$G70*BDC!$D70 -> 0 | L70: 64.33 | M70: =L70*6/100 -> 3.8598
C71: AVH26 | E71: HUILE DE MASSAGE TRIKAYA (TRIDOSHAS) | F71: 500 ML | G71: =L71+M71 -> 40.2482 | H71: =BDC!$G71*BDC!$D71 -> 0 | L71: 37.97 | M71: =L71*6/100 -> 2.2782
C72: AVH30 | E72: HUILE DE MASSAGE KANTI (Kapha) | F72: 500 ML | G72: =L72+M72 -> 40.2482 | H72: =BDC!$G72*BDC!$D72 -> 0 | L72: 37.97 | M72: =L72*6/100 -> 2.2782
C73: AVH40 | E73: HUILE DE MASSAGE PIYALI (Pitta) | F73: 500 ML | G73: =L73+M73 -> 40.2482 | H73: =BDC!$G73*BDC!$D73 -> 0 | L73: 37.97 | M73: =L73*6/100 -> 2.2782
C74: AVH50 | E74: HUILE DE MASSAGE VANHI (Vanhi) | F74: 500 ML | G74: =L74+M74 -> 40.2482 | H74: =BDC!$G74*BDC!$D74 -> 0 | L74: 37.97 | M74: =L74*6/100 -> 2.2782
C75: AVH60 | E75: UBTAN-ENVELOPPEMENT | F75: 500 ML | G75: =L75+M75 -> 37.4286 | H75: =BDC!$G75*BDC!$D75 -> 0 | L75: 35.31 | M75: =L75*6/100 -> 2.1186
C76: AVH76 | E76: UBTAN-EXFOLIANT | F76: 500 ML | G76: =L76+M76 -> 11.2254 | H76: =BDC!$G76*BDC!$D76 -> 0 | L76: 10.59 | M76: =L76*6/100 -> 0.6354
C77: AVH80 | E77: GHEE AYURVEDIQUE | F77: 50ML | G77: =L77+M77 -> 7.9394 | H77: =BDC!$G77*BDC!$D77 -> 0 | L77: 7.49 | M77: =L77*6/100 -> 0.4494
C78: AVH116 | E78: BOL KANSU | G78: =L78+M78 -> 39.697 | H78: =BDC!$G78*BDC!$D78 -> 0 | L78: 37.45 | M78: =L78*6/100 -> 2.247
C79: HA003 | E79: LOTION HASTA AYURVEDA mains - 1 Litre flacon | F79: 1L | G79: =L79+M79 -> 41.8382 | H79: =BDC!$G79*BDC!$D79 -> 0 | L79: 39.47 | M79: =L79*6/100 -> 2.3682
C80: AC016 | E80: 1 PAIRE DE GANT GARSHANA pour gommage a sec | F80: 2 unités | G80: 25 | H80: =BDC!$G80*BDC!$D80 -> 0 | L80: 187.25 | M80: =L80*6/100 -> 11.235
C81: AVH96 | E81: KIT PODIKIZHI - 10 pochons à fabriquer + huile de sésame bio | F81: 10 pochons | G81: 112.5 | H81: =BDC!$G81*BDC!$D81 -> 0
F82: SOUS-TOTAL CABINE : | H82: =SUM(H53:H81) -> 0
D85: PRODUITS COMPLEMENTAIRES & ACCESSOIRES | H85: SI REVENTE PRIX CONSEILLES
C86: REF | D86: QUANTITE | E86: PRODUIT | F86: PRIX HT A L'UNITE | G86: PRIX TOTAL HT | H86: PRIX PUBLIC TTC
C87: CV050 | E87: BOX MANDALA - 3 SOINS RITUEL VISAGE - Hydra - 3x5ML | F87: 8.5 | G87: =Tableau61624714286681550667884[[#This Row],[QUANTITE]]*Tableau61624714286681550667884[[#This Row],[PRIX HT A L''UNITE]] -> 0 | H87: 15.3
C88: CV055 | E88: BOX MANDALA - 3 SOINS RITUEL VISAGE - Physio - 5ML | F88: 8.5 | G88: =Tableau61624714286681550667884[[#This Row],[QUANTITE]]*Tableau61624714286681550667884[[#This Row],[PRIX HT A L''UNITE]] -> 0 | H88: 15.3
C89: CV056 | E89: 3 SOINS RITUEL VISAGE - Physio - 5ML en sachet coton | F89: 6.5 | G89: =Tableau61624714286681550667884[[#This Row],[QUANTITE]]*Tableau61624714286681550667884[[#This Row],[PRIX HT A L''UNITE]] -> 0 | H89: 15.3
C90: CV053 | E90: 3 SOINS RITUEL VISAGE - Hydra - 5ML en sachet coton | F90: 6.5 | G90: =Tableau61624714286681550667884[[#This Row],[QUANTITE]]*Tableau61624714286681550667884[[#This Row],[PRIX HT A L''UNITE]] -> 0 | H90: 15.3
C91: SX001 | E91: TROUSSE ZIPPÉ COTON BIO - IMPRIMÉE KERALI | F91: 5.9 | G91: =Tableau61624714286681550667884[[#This Row],[QUANTITE]]*Tableau61624714286681550667884[[#This Row],[PRIX HT A L''UNITE]] -> 0 | H91: 10.62
C92: SX001B | E92: TROUSSE ARTISANALE ZIPPÉ COTON - fait main par Nandri Trust | F92: 2.9 | G92: =D92*F92 -> 0 | H92: =F92*2 -> 5.8
C93: SX0019 | E93: Mini-BOUDDHA dorés en résine + sachet rouge | F93: 5.9 | G93: =D93*F93 -> 0 | H93: =F93*2 -> 11.8
C94: SX0020 | E94: Mini-BOUDDHA de la reflexion dorés en résine + sachet bleu | F94: 5.9 | G94: =D94*F94 -> 0 | H94: =F94*2 -> 11.8
C95: SX0021 | E95: Concrète Parfum solide à la ROSE flacon de bois indien | F95: 6.5 | G95: =D95*F95 -> 0 | H95: =F95*2 -> 13
C96: SX0022 | E96: Concrète Parfum solide à CHEVREFEUILLE flacon de bois indien | F96: 6.5 | G96: =D96*F96 -> 0 | H96: =F96*2 -> 13
C97: SX0034 | E97: Concrète Parfum solide au JASMIN flacon de bois indien | F97: 6.5 | G97: =D97*F97 -> 0 | H97: =F97*2 -> 13
C98: SX0033 | E98: Concrète Parfum solide au SANTAL flacon de bois indien | F98: 6.5 | G98: =D98*F98 -> 0 | H98: =F98*2 -> 13
C99: SX0024 | E99: BOUGIE Vata (Fleurs blanches) dans Bol en cuivre | F99: 14.9 | G99: =D99*F99 -> 0 | H99: =F99*2 -> 29.8
C100: SX0025 | E100: BOUGIE Pitta (Notes Marines) dans Bol en cuivre | F100: 14.9 | G100: =D100*F100 -> 0 | H100: =F100*2 -> 29.8
C101: SX0026 | E101: BOUGIE Kapha (Sauge) dans Bol en cuivre | F101: 14.9 | G101: =D101*F101 -> 0 | H101: =F101*2 -> 29.8
C102: SX0027 | E102: MINI-BOUGIE Vata (Fleurs blanches) dans pot +couvercle cuivre | F102: 6.9 | G102: =D102*F102 -> 0 | H102: =F102*2 -> 13.8
C103: SX0028 | E103: MINI-BOUGIE (Notes Marines) dans pot + couvercle cuivre | F103: 6.9 | G103: =D103*F103 -> 0 | H103: =F103*2 -> 13.8
... C106: SX0031 | E106: MUG blanc Mandala doré | F106: 10.9 | G106: =D106*F106 -> 0 | H106: =F106*2 -> 21.8
C107: AVH008 | E107: BRACELETS JONC SACRÉS feuille d'or | F107: 9.5 | G107: =D107*F107 -> 0 | H107: =F107*1.8 -> 17.1
C108: AVH300 | E108: BOL CHANTANT TIBETAIN ø10-12 cm | F108: 79.16 | G108: =D108*F108 -> 0 | H108: =F108*1.8 -> 142.488
C109: SX051 | E109: BOL CHANTANT TIBETAIN ø13-14 cm | F109: 92 | G109: =D109*F109 -> 0 | H109: =F109*1.8 -> 165.6
C110: AVH004 | E110: CASQUE AUDIO MANTRA +1 box rangement | F110: 45 | G110: =D110*F110 -> 0 | H110: =F110*1.8 -> 81
...
